 Dungeon Crawl Stone Soup version 0.30-a0-847-g17996783a1 (webtiles) character file.

Game seed: 13593327808191186372

154 qeuew the Cudgeller (level 5, 0/39 HPs)
             Began as a Demonspawn Gladiator on Mar 3, 2023.
             Slain by an orc wizard
             ... wielding a +0 dagger
              (3 damage)
             ... on level 3 of the Dungeon.
             The game lasted 00:02:15 (1141 turns).

qeuew the Cudgeller (Demonspawn Gladiator)          Turns: 1141, Time: 00:02:15

Health: 0/39       AC:  3    Str: 16    XL:     5   Next: 13%
Magic:  5/5        EV: 12    Int: 10    God:
Gold:   94         SH:  4    Dex: 14    Spells: 4/4 levels left

rFire   . . .      SeeInvis .    a - +0 flail (freeze)
rCold   . . .      Faith    .    (no shield)
rNeg    . . .      Spirit   .    b - +0 leather armour
rPois   .          Reflect  .    (helmet restricted)
rElec   .          Rampage  .    (no cloak)
rCorr   .                        (no gloves)
Will    .....                    (no boots)
Stlth   +                        (no amulet)
HPRegen 0.26/turn                (no ring)
MPRegen 0.09/turn                (no ring)

@: mighty
A: claws 1, condensation shield, horns 1, mutation resistance 1, noise
suppression
a: no special abilities


You were on level 3 of the Dungeon.
You visited 1 branch of the dungeon, and saw 3 of its levels.

You collected 94 gold pieces.

Inventory:

Hand Weapons
 a - a +0 flail of freezing (weapon)
Missiles
 d - 3 throwing nets (quivered)
 e - a javelin
Armour
 b - a +0 leather armour (worn)
 c - a +0 helmet
Wands
 i - a wand of polymorph (3)
Scrolls
 h - a scroll of teleportation
 j - 2 scrolls of identify
Potions
 k - 2 potions of haste


   Skills:
 + Level 2.6 Fighting
 * Level 3.5 Maces & Flails
 * Level 3.0 Throwing
 + Level 1.2 Armour
 + Level 3.2 Dodging
 + Level 0.4 Evocations


You had 4 spell levels left.
You didn't know any spells.
Your spell library contained the following spells:

 Spells                   Type           Power      Damage    Failure   Level
 Inner Flame              Hex/Fire       0%         N/A       80%         3
 Cause Fear               Hex            0%         N/A       99%         4
 Discord                  Hex            0%         N/A       100%        8


Dungeon Overview and Level Annotations

Branches:
Dungeon (3/15)

Altars:
Cheibriados

Shops:
D:1 [


Innate Abilities, Weirdness & Mutations

You have sharp fingernails.
A meltable shield of frost defends you. (SH +4)
You have a pair of small horns on your head.
You are somewhat resistant to further mutation.
You passively dampen the noise of your surroundings.


Message History

You are too injured to fight recklessly!
You are too injured to fight recklessly!
An orc priest is nearby!
An orc priest is nearby!
An orc priest is nearby!
You are too injured to fight recklessly!
You are too injured to fight recklessly!
You are too injured to fight recklessly!
You are too injured to fight recklessly!
You are too injured to fight recklessly!
Unknown command.
You hit something. You freeze something. Something hits you.
The orc priest hits you with a +0 club. Something hits you.
* * * LOW HITPOINT WARNING * * *
The orc priest hits you with a +0 club.
* * * LOW HITPOINT WARNING * * *
You feel better.
The orc priest hits you but does no damage.
Something hits you.
* * * LOW HITPOINT WARNING * * *
You feel very mighty all of a sudden.
The orc priest hits you but does no damage.
Something hits you.
* * * LOW HITPOINT WARNING * * *
You miss something. Something hits you.
* * * LOW HITPOINT WARNING * * *
The orc priest casts a cantrip, but nothing happens.
You bludgeon the orc priest!! You freeze the orc priest!
You kill the orc priest!
Something hits you but does no damage.
Your Throwing skill increases to level 3!
You have reached level 5!
You miss something. Your headbutt misses something. Something hits you.
* * * LOW HITPOINT WARNING * * *
Okay, then.
You barely miss something. Something hits you but does no damage.
Something barely misses you.
You barely miss something. Something hits you but does no damage.
You barely miss something. Something hits you.
You die...

## #. # # #.
.# ###.#.
###..#
#.....#)....#.
##@{......
#.#).#######
#.......# .
.......###.#
.. .#.#.#. #.#
#
#.....#.....#.
#.# #
#.......... #.
#.#
#.....###..
#.###.#
###.....# #>
..#...#


There were no monsters in sight!

Vanquished Creatures
  An orc priest (D:3)
  Natasha (thrice) (D:2)
  2 adders
  3 orcs (D:3)
  2 ball pythons (D:2)
  A giant cockroach (D:1)
  2 goblins
  9 hobgoblins
  2 bats (D:2)
  6 frilled lizards
  2 kobolds (D:2)
  2 rats
35 creatures vanquished.

Notes
Turn   | Place    | Note
-------+----------+-------------------------------------------
     0 | D:1      | qeuew the Demonspawn Gladiator began the quest for the Orb.
     0 | D:1      | Reached XP level 1. HP: 16/16 MP: 1/1
    39 | D:1      | Found a faded altar of an unknown god.
    42 | D:1      | Found Measaken's Antique Armour Shoppe.
   326 | D:1      | Gained mutation: You have sharp fingernails. [demonic
                  | ancestry]
   326 | D:1      | Reached XP level 2. HP: 20/22 MP: 2/2
   341 | D:1      | Gained mutation: You passively dampen the noise of your
                  | surroundings. [potion of mutation]
   341 | D:1      | Gained mutation: You have a pair of small horns on your
                  | head. [potion of mutation]
   341 | D:1      | Gained mutation: You are somewhat resistant to further
                  | mutation. [potion of mutation]
   420 | D:2      | Noticed Natasha
   428 | D:2      | Killed Natasha
   429 | D:2      | Reached XP level 3. HP: 13/27 MP: 3/3
   698 | D:2      | Found a snail-covered altar of Cheibriados.
   718 | D:2      | Noticed Natasha
   725 | D:2      | Killed Natasha
   726 | D:2      | Reached skill level 1 in Armour
   726 | D:2      | Gained mutation: A meltable shield of frost defends you.
                  | (SH +4) [demonic ancestry]
   726 | D:2      | Reached XP level 4. HP: 22/34 MP: 4/4
   815 | D:2      | Noticed Natasha
   822 | D:2      | Killed Natasha
  1138 | D:3      | Reached XP level 5. HP: 3/39 MP: 5/5
  1141 | D:3      | Slain by an orc wizard

Illustrated notes

Levels and vault maps discovered:
D:1:      dpeg_arrival_tiny_j, layout_rooms, basic_ecumenical_altar,
          serial_shops, nicolae_shop_crystal
D:2:      layout_basic, basic_altar, uniq_natasha
D:3:      layout_basic, vehumet_crystals, kennysheep_cross_room

Skill      XL: |  1  2  3  4 |
---------------+-------------+-----
Throwing       | 2 3 |  3.0
Maces & Flails | 3 |  3.5
Dodging        | 3 |  3.2
Armour         | 1 |  1.2
Fighting       | |  2.6
Evocations     | |  0.4

Action                     |  1- 3 |  4- 6 || total
---------------------------+-------+-------++-------
  Melee: Flail             |    58 |    34 ||    92
         Punch             |     1 |       ||     1
         Headbutt          |     2 |     4 ||     6
    Use: Scroll            |     5 |     2 ||     7
         Potion            |     3 |     2 ||     5
 Armour: Leather armour    |    14 |     9 ||    23
         Skin              |     6 |       ||     6
  Dodge: Dodged            |    32 |    14 ||    46
  Block: Other             |       |     5 ||     5

Table legend: (Time is in decaauts)
 A = Elapsed time spent in this place.
 B = Non-inter-level travel time spent in this place.
 C = Inter-level travel time spent in this place.
 D = Time resting spent in this place.
 E = Time spent auto-exploring this place.
 F = Levels seen in this place.
 G = Mean time per level.
                   A        B        C        D        E       F      G
               +--------+--------+--------+--------+--------+-----+--------+
         Total |   1142 |   1110 |     32 |      0 |    871 |   3 |  380.7 |
       Dungeon |   1142 |   1110 |     32 |      0 |    871 |   3 |  380.7 |
               +--------+--------+--------+--------+--------+-----+--------+

Top non-repeatable levels by time:
     D:2: 677 daAuts
     D:1: 352 daAuts
     D:3: 113 daAuts
